 Dungeon Crawl Stone Soup version 0.31.0-11-ge490571c62 (webtiles) character file.

Game seed: 17301040758227203716

627 qw the Ducker (level 7, -3/35 HPs)
             Began as a Spriggan Hunter on Feb 3, 2024.
             Slain by Pikel
             ... wielding a +2 whip of freezing
              (6 damage)
             ... on level 4 of the Dungeon.
             The game lasted 00:00:12 (2633 turns).

qw the Ducker (Spriggan Hunter)                     Turns: 2633, Time: 00:00:12

Health: -3/35      AC:  2    Str:  7    XL:     7   Next: 23%
Magic:  8/8        EV: 22    Int: 11    God:
Gold:   80         SH:  0    Dex: 20    Spells: 6/6 levels left

rFire   . . .        a - +3 shortbow
rCold   . . .        (shield currently unavailable)
rNeg    . . .        c - +0 robe
rPois   .            (helmet restricted)
rElec   .            (no cloak)
rCorr   .            (gloves unavailable)
SInv    +            (boots unavailable)
Will    +....        b - amulet of faith
Stlth   ++           (no ring)
HPRegen 0.25/turn    (no ring)
MPRegen 0.11/turn

%: faith
@: very quick
A: very small, no large weapons, unfitting armour, see invisible, speed 3
a: no special abilities


You were on level 4 of the Dungeon.
You visited 1 branch of the dungeon, and saw 4 of its levels.

You collected 176 gold pieces.
You spent 96 gold pieces at shops.


Innate Abilities, Weirdness & Mutations

You are very small and have problems with some larger weapons.
You are too small for most types of armour.
You have supernaturally acute eyesight. (SInv)
You cover ground extremely quickly. (Speed+++)


   Skills:
 - Level 2.2 Fighting
 + Level 7.0 Ranged Weapons
 - Level 7.1 Dodging
 - Level 1.5 Stealth


You had 6 spell levels left.
You didn't know any spells.
Your spell library was empty.

Inventory:

Hand Weapons
 a - a +3 shortbow (weapon)
Armour
 c - a +0 robe (worn)
Jewellery
 b - an amulet of faith (around neck)
Scrolls
 e - a scroll of enchant armour
Potions
 f - a potion of cancellation
 g - a potion of resistance
 h - a potion of curing
 i - a potion of invisibility {unknown}
 j - a potion of mutation {unknown}

Dungeon Overview and Level Annotations

Branches:
Dungeon (4/15)
 Temple: D:4-7

Altars:

Shops:
D:3 !

Annotations:
D:4 Pikel


Message History

You shoot an arrow. The lemure shouts!
The arrow hits Pikel but does no damage.
Pikel says, "Time is money, and you're costing me too much!"
You shoot an arrow.
The arrow hits Pikel but does no damage.
Pikel completely misses you.
You shoot an arrow. The arrow barely misses Pikel.
The arrow barely misses the lemure.
Pikel barely misses you.
You shoot an arrow. The arrow hits Pikel.
Pikel is lightly wounded.
Pikel closely misses you. The lemure completely misses you.
You shoot an arrow. The arrow closely misses Pikel.
The arrow hits the lemure but does no damage.
Pikel waves his whip at you. Pikel completely misses you.
The lemure misses you.
You shoot an arrow. The arrow barely misses Pikel.
Pikel says, "You'll make a fine lemure."
Pikel hits you with a +2 whip of freezing!
Pikel freezes you. The lemure hits you!
You shoot an arrow. The arrow hits Pikel!
Pikel is moderately wounded.
Pikel closely misses you. The lemure misses you.
You shoot an arrow. The arrow hits Pikel.
Pikel is moderately wounded.
Pikel barely misses you. The lemure barely misses you.
The lemure completely misses you. Pikel completely misses you.
You shoot an arrow. The arrow hits Pikel.
Pikel is heavily wounded.
The lemure completely misses you. The lemure barely misses you.
Pikel completely misses you.
You shoot an arrow. The arrow misses Pikel.
The lemure misses you. x2; Pikel closely misses you.
You shoot an arrow. The arrow hits Pikel.
Pikel is heavily wounded.
The lemure hits you! The lemure hits you.
Pikel hits you with a +2 whip of freezing.
You die...
Pikel says, "See you in Hell!"

......K....## .
......5.....#.. ....
.......##...... ....
#.##........... .....
####........... .....
.##............. ......
.......<........ #....#.
#.####.........##K......
#..###..........@5......
.................5......
..###..................#
.#.##..###.............#
...##.#####.............
#.....###....).###......
.#..........)...# ......
.##.................###.
...#...##............


You could see Pikel and 2 lemures.

Vanquished Creatures
  Grinder (D:3)
  An ogre (D:4)
  2 lemures (D:4)
  A phantom (D:4)
  2 bombardier beetles
  A sleepcap (D:4)
  Natasha (thrice) (D:2)
  Robin (D:2)
  3 adders (D:3)
  2 dart slugs
  3 ribbon worms
  An orc (D:3)
  8 bats
  7 endoplasms
  13 goblins
  7 hobgoblins
  9 jackals
  5 kobolds
  4 ball pythons
  A frilled lizard (D:1)
  3 rats
78 creatures vanquished.

Notes
Turn   | Place    | Note
-------+----------+-------------------------------------------
     0 | D:1      | qw the Spriggan Hunter began the quest for the Orb.
     0 | D:1      | Reached XP level 1. HP: 10/10 MP: 2/2
     0 | D:1      | 0 ||| qw: Version: 0.3-a-158-g18b3111
     0 | D:1      | 0 ||| qw: Game counter: 4208
     0 | D:1      | 0 ||| qw: Melee chars always use a shield: true
     0 | D:1      | 0 ||| qw: God list: Okawaru
     0 | D:1      | 0 ||| qw: Allow faded altars: false
     0 | D:1      | 0 ||| qw: Do Orc after clearing Dungeon:15 true
     0 | D:1      | 0 ||| qw: Do second Lair branch before Depths: true
     0 | D:1      | 0 ||| qw: Lair rune preference: random
     0 | D:1      | 0 ||| qw: Goals: Normal
     0 | D:1      | 0 ||| PLANNING D:1-11
    77 | D:1      | Reached skill level 3 in Dodging
   173 | D:1      | Reached XP level 2. HP: 14/14 MP: 3/3
   450 | D:1      | You fall into a shaft and drop 1 floor!
   454 | D:2      | 454 ||| READING scroll labelled GISOOR ONLEST.
   455 | D:2      | 455 ||| READING 2 scrolls labelled AFIAKU YMEO.
   455 | D:2      | 455 ||| ENCHANTING +0 shortbow.
   456 | D:2      | 456 ||| READING 2 scrolls labelled YNOYHOY SEUS.
   456 | D:2      | 456 ||| ENCHANTING +0 shortbow.
   457 | D:2      | 457 ||| READING scroll of enchant weapon.
   457 | D:2      | 457 ||| ENCHANTING +1 shortbow.
   458 | D:2      | 458 ||| READING scroll labelled YDGHYTU KACIT.
   459 | D:2      | 459 ||| FLEEEEING.
   461 | D:2      | 461 ||| FLEEEEING.
   562 | D:2      | 562 ||| DROPPING scroll of butterflies.
   778 | D:2      | Noticed Natasha
   782 | D:2      | Killed Natasha
   783 | D:2      | Reached XP level 3. HP: 18/18 MP: 4/4
   817 | D:2      | Identified the +9 short sword of Famine {flame, rF++ Str-4}
   862 | D:2      | Noticed Robin
   870 | D:2      | Killed Robin
   871 | D:2      | Reached XP level 4. HP: 22/22 MP: 5/5
   957 | D:2      | Noticed Natasha
   964 | D:2      | Killed Natasha
  1063 | D:2      | Noticed Natasha
  1072 | D:2      | Killed Natasha
  1073 | D:2      | Reached XP level 5. HP: 26/26 MP: 6/6
  1328 | D:2      | 1328 ||| UPGRADING to amulet of faith.
  1333 | D:2      | 1333 ||| READING scroll labelled ZOEMABYUFF.
  1333 | D:2      | 1333 ||| IDENTIFYING ruby potion
  1334 | D:2      | 1334 ||| DRINKING 2 purple potions.
  1335 | D:2      | 1335 ||| DROPPING potion of ambrosia.
  1468 | D:3      | 1468 ||| READING scroll of enchant weapon.
  1468 | D:3      | 1468 ||| ENCHANTING +2 shortbow.
  1653 | D:3      | Found Fefijier's Distillery.
  1659 | D:3      | 1659 ||| BUYING potion of cancellation (96 gold).
  1659 | D:3      | Bought a potion of cancellation for 96 gold pieces
  1659 | D:3      | 1659 ||| SHOPLISTING potion of haste (120 gold, have 45).
  1659 | D:3      | 1659 ||| SHOPLISTING potion of heal wounds (60 gold, have
                  | 45).
  1659 | D:3      | 1659 ||| SHOPLISTING potion of might (48 gold, have 45).
  1659 | D:3      | 1659 ||| SHOPLISTING potion of mutation (96 gold, have 45).
  2020 | D:3      | Noticed Grinder
  2029 | D:3      | 2029 ||| FLEEEEING.
  2032 | D:3      | Killed Grinder
  2033 | D:3      | Reached XP level 6. HP: 20/30 MP: 7/7
  2033 | D:3      | 2033 ||| FLEEEEING.
  2192 | D:3      | 2192 ||| DROPPING scarf of harm.
  2193 | D:3      | 2193 ||| READING scroll of identify.
  2193 | D:3      | 2193 ||| IDENTIFYING red potion
  2249 | D:4      | 2249 ||| PLANNING SEWER
  2512 | D:4      | Noticed Pikel
  2518 | D:4      | 2518 ||| RETREEEEATING.
  2520 | D:4      | 2520 ||| RETREEEEATING.
  2521 | D:4      | 2521 ||| RETREEEEATING.
  2522 | D:4      | 2522 ||| RETREEEEATING.
  2523 | D:4      | 2523 ||| RETREEEEATING.
  2524 | D:4      | 2524 ||| RETREEEEATING.
  2525 | D:4      | 2525 ||| RETREEEEATING.
  2526 | D:4      | 2526 ||| FLEEEEING.
  2527 | D:4      | 2527 ||| FLEEEEING.
  2528 | D:4      | 2528 ||| FLEEEEING.
  2529 | D:4      | 2529 ||| FLEEEEING.
  2530 | D:4      | 2530 ||| FLEEEEING.
  2531 | D:4      | 2531 ||| FLEEEEING.
  2532 | D:4      | 2532 ||| FLEEEEING.
  2533 | D:4      | 2533 ||| FLEEEEING.
  2534 | D:4      | 2534 ||| FLEEEEING.
  2535 | D:4      | 2535 ||| FLEEEEING.
  2536 | D:4      | 2536 ||| STAIRDANCE
  2549 | D:3      | 2549 ||| READING scroll labelled PIRUSKURIN.
  2577 | D:4      | Reached skill level 6 in Dodging
  2577 | D:4      | Reached XP level 7. HP: 35/35 MP: 8/8
  2633 | D:4      | HP: 5/35 [lemure[Pikel] (7)]
  2633 | D:4      | Slain by Pikel

Levels and vault maps discovered:
D:1:      sevenhm_arrival_forest_fort_small_4, layout_loops_ring
D:2:      layout_rooms, minmay_misc_feat_rows, uniq_natasha, uniq_robin
D:3:      layout_loops_corners, serial_shops, shop, nicolae_the_louvre,
          uniq_grinder
D:4:      layout_layer_cave, bloody_makhleb, portal_sewer_entry_d, uniq_pikel

Skill      XL: |  1  2  3  4  5  6  7 |
---------------+----------------------+-----
Dodging        | 3 4 5 6 7 |  7.1
Ranged Weapons | 5 7 |  7.0
Fighting       | 2 |  2.2
Stealth        | |  1.5

Action                     |  1- 3 |  4- 6 |  7- 9 || total
---------------------------+-------+-------+-------++-------
   Fire: Shortbow          |    74 |   126 |    28 ||   228
    Use: Scroll            |     5 |     4 |       ||     9
         Potion            |       |     1 |       ||     1
 Armour: Robe              |     1 |     5 |     8 ||    14
  Dodge: Dodged            |    24 |    37 |    20 ||    81

Table legend:
 A = Non-vault XP
 B = Vault XP
 C = Vault XP percentage of total XP
 D = Non-vault monster count
 E = Vault monster count
 F = Vault count percentage of total count
                 A         B        C        D         E       F
            +---------+---------+-------+---------+---------+-------
      Total |     551 |     345 |  38.5 |      63 |      13 |  17.1
            +---------+---------+-------+---------+---------+-------
        D:1 |      36 |       0 |   0.0 |      22 |       0 |   0.0
        D:2 |      97 |      68 |  41.2 |      15 |      12 |  44.4
        D:3 |     106 |     277 |  72.3 |      15 |       1 |   6.2
        D:4 |     312 |       0 |   0.0 |      11 |       0 |   0.0
            +---------+---------+-------+---------+---------+-------
